 Dungeon Crawl Stone Soup version 0.24.0-1-gfbc8707 (webtiles) character file.

Game seed: 227845749868688291, levelgen mode: deterministic

683 Lorak the Cleaver (level 7, -16/60 HPs)
             Began as a Minotaur Fighter on Oct 25, 2019.
             Was an Initiate of Ru.
             Demolished by a red ugly thing (19 damage)
             ... on level 6 of the Dungeon on Oct 26, 2019.
             The game lasted 00:15:46 (4304 turns).

Lorak the Cleaver (Minotaur Fighter)                Turns: 4304, Time: 00:15:46

Health: -16/60     AC: 13    Str: 22    XL:     7   Next: 35%
Magic:  6/6        EV:  4    Int:  5    God:    Ru [......]
Gold:   277        SH:  9    Dex: 10    Spells: 6/6 levels left

rFire    . . .     SeeInvis .   a - +0 war axe
rCold    + . .     Gourm    .   c - +0 shield
rNeg     . . .     Faith    .   s - +0 plate armour
rPois    .         Spirit   .   (helmet restricted)
rElec    .         Reflect  .   i - +0 cloak
rCorr    .         Harm     .   (no gloves)
MR       .....                  (no boots)
Stlth    ..........             (no amulet)
HPRegen  0.20/turn              t - ring of stealth
MPRegen  0.10/turn              v - ring of protection from cold

@: no status effects
A: retaliatory headbutt, horns 2, no stealth
a: Renounce Religion


You were on level 6 of the Dungeon.
You worshipped Ru.
Ru was noncommittal.
You were not hungry.

You visited 2 branches of the dungeon, and saw 7 of its levels.

You collected 277 gold pieces.

Inventory:

Hand Weapons
 a - a +0 war axe (weapon)
Missiles
 e - 184 stones (quivered)
Armour
 c - a +0 shield (worn)
 i - a +0 cloak (worn)
 s - a +0 plate armour (worn)
Jewellery
 t - a ring of stealth (left hand)
 v - a ring of protection from cold (right hand)
Wands
 h - a wand of iceblast (9)
Scrolls
 j - a scroll of identify
 k - a scroll of random uselessness {unknown}
 n - a scroll of blinking {unknown}
 q - a scroll of teleportation {unknown}
 r - 2 scrolls of enchant weapon {unknown}
 w - a scroll of noise {unknown}
Potions
 b - 3 potions of mutation
 d - 2 potions of might
 g - a potion of invisibility {unknown}
 m - a potion of cancellation
 p - a potion of curing
 u - 2 potions of resistance {unknown}
Comestibles
 f - 8 rations


   Skills:
 * Level 4.7 Fighting
 * Level 8.8 Axes
 + Level 4.2 Armour
 + Level 4.3 Shields
 + Level 1.0 Evocations


You had 6 spell levels left.
You didn't know any spells.
Your spell library contained the following spells:

 Spells                   Type           Power        Failure   Level  Hunger
 Magic Dart               Conj           #...         100%        1    ##.....
 Searing Ray              Conj           #.....       100%        2    ###....
 Dazzling Spray           Conj/Hex       #.....       100%        3    ####...
 Force Lance              Conj/Tloc      #.......     100%        4    #####..
 Fulminant Prism          Conj/Hex       #.........   100%        4    #####..
 Iskenderun's Mystic Bla  Conj           #.......     100%        4    #####..


Dungeon Overview and Level Annotations

Branches:
Dungeon (6/15)             Temple (1/1) D:4

Altars:
Cheibriados
Dithmenos
Elyvilon
Gozag
Hepliaklqana
Kikubaaqudgha
Makhleb
Nemelex Xobeh
Qazlal
Ru
Uskayaw
Vehumet
Wu Jian
Xom
Yredelemnul

Annotations:
D:3 3 runed translucent doors, Fang's ghost, amateur GrBe
D:5 Sigmund


Innate Abilities, Weirdness & Mutations

You reflexively headbutt those who attack you in melee.
You have a pair of horns on your head.
You cannot be stealthy.


Message History

The red ugly thing is lightly wounded.
The red ugly thing tentacle-slaps you but does no damage.
You hit the red ugly thing.
The red ugly thing is lightly wounded.
The red ugly thing tentacle-slaps you but does no damage.
You slash the red ugly thing!
The red ugly thing is lightly wounded.
The red ugly thing tentacle-slaps you but does no damage.
You slash the red ugly thing!
The red ugly thing is moderately wounded.
The red ugly thing tentacle-slaps you.
You are engulfed in flames!
Your shield prevents you from hitting the red ugly thing.
The red ugly thing is moderately wounded.
The red ugly thing tentacle-slaps you.
You are engulfed in flames!!
* * * LOW HITPOINT WARNING * * *
The red ugly thing tentacle-slaps you but does no damage.
The red ugly thing tentacle-slaps you!
* * * LOW HITPOINT WARNING * * *
You are engulfed in flames!!
You die...

#...<#.#
.
#.####.#
#.# #.#
#.# #.#
#.# #.#
#.# #.#
#.# #.#
#.# #.#
#@# #.#
#u# #.#
##.####.#
#..o.o..#
#######.#
###


You could see a red ugly thing and an orc.

Vanquished Creatures
  2 centaurs
  An ogre (D:5)
  A scorpion (D:4)
  A howler monkey (D:4)
  A bullfrog zombie (D:5)
  A gnoll shaman (D:4)
  Robin (D:4)
  6 adders
  5 gnolls
  2 oozes
  6 dart slugs
  3 worms
  2 leopard geckos
  18 orcs
  6 giant cockroaches
  22 goblins
  10 hobgoblins
  12 jackals
  15 kobolds
  3 quokkas
  5 bats
  3 frilled lizards
  A leopard gecko skeleton (D:6)
  9 rats
136 creatures vanquished.

Notes
Turn   | Place    | Note
-------+----------+-------------------------------------------
     0 | D:1      | Lorak the Minotaur Fighter began the quest for the Orb.
     0 | D:1      | Reached XP level 1. HP: 19/19 MP: 0/0
   331 | D:1      | Found a shimmering altar of Xom.
   817 | D:2      | Reached XP level 2. HP: 24/27 MP: 1/1
   868 | D:2      | Reached skill level 3 in Axes
   928 | D:2      | Reached XP level 3. HP: 33/33 MP: 2/2
  1193 | D:2      | Reached skill level 4 in Axes
  1269 | D:2      | Reached XP level 4. HP: 40/40 MP: 3/3
  1881 | D:3      | Found a runed translucent gate.
  1881 | D:3      | Found a runed translucent gate.
  1884 | D:3      | Found a runed translucent gate.
  1887 | D:3      | Noticed Fang's ghost (amateur GrBe)
  1985 | D:3      | Reached skill level 5 in Axes
  2160 | D:3      | Reached XP level 5. HP: 42/46 MP: 4/4
  2575 | D:4      | Reached skill level 6 in Axes
  2640 | D:4      | Found a staircase to the Ecumenical Temple.
  2655 | D:4      | Found an opulent altar of Gozag.
  2666 | Temple   | Entered the Ecumenical Temple
  2736 | Temple   | Became a worshipper of Ru the Awakened
  2958 | D:4      | Noticed Robin
  2963 | D:4      | Reached skill level 7 in Axes
  2971 | D:4      | Reached XP level 6. HP: 50/52 MP: 5/5
  2975 | D:4      | Killed Robin
  3302 | D:5      | Entered Level 5 of the Dungeon
  3310 | D:5      | Found a snail-covered altar of Cheibriados.
  3549 | D:5      | Reached skill level 8 in Axes
  3656 | D:5      | Noticed Sigmund
  3756 | D:5      | Reached XP level 7. HP: 25/60 MP: 6/6
  3759 | D:5      | Gained mutation: You cannot be stealthy. [Ru sacrifice]
  4268 | D:6      | Noticed a red ugly thing
  4278 | D:6      | Reached skill level 1 in Evocations
  4304 | D:6      | HP: 3/60 [red ugly thing (7)]
  4304 | D:6      | Demolished by a red ugly thing

Levels and vault maps discovered:
D:1:      psy_arrival_fountain, layout_loops_corners, xom_teletrap_fun
D:2:      layout_loops_ring
D:3:      layout_loops_cross, first_ration, gammafunk_ghost_necromancy,
          chequers_serial_rivers_small_a, kennysheep_potato
D:4:      layout_loops_ring, grunt_gozag_statues,
          minmay_temple_entry_large_hall, uniq_robin
D:5:      corexii_shantytown, layout_cave_pods, kennysheep_slug_shrine,
          uniq_sigmund
D:6:      layout_basic, minmay_chambers_of_fives
Temple:   eino_temple_lava

Skill      XL: |  1  2  3  4  5  6  7 |
---------------+----------------------+-----
Fighting       | 4 |  4.7
Axes           | 3 4 5 7 8 |  8.8
Shields        | 4 |  4.3
Armour         | 4 |  4.2
Evocations     | 1 |  1.0

Action                   |  1- 3 |  4- 6 |  7- 9 || total
-------------------------+-------+-------+-------++-------
Melee: War axe           |    81 |   186 |    65 ||   332
       Headbutt          |    13 |    28 |    15 ||    56
Invok: Sacrifice Stealth |       |       |     1 ||     1
  Use: Scroll            |       |     6 |       ||     6
  Eat: Chunk             |     1 |     8 |     2 ||    11
Armor: Scale mail        |    33 |    17 |       ||    50
       Plate armour      |       |    73 |    31 ||   104
Dodge: Dodged            |    26 |    26 |    12 ||    64
Block: Shield            |    43 |    81 |    29 ||   153
